 Dungeon Crawl Stone Soup version 0.23.2-1-ga50397a6bc (webtiles) character file.

Game seed: 9537969635579839120

72 Kisielow the Cudgeler (level 4, 0/28 HPs)
             Began as a Gargoyle Fighter on Apr 13, 2019.
             Slain by an orc priest
             ... wielding a +0 mace
              (6 damage)
             ... on level 3 of the Dungeon.
             The game lasted 00:03:01 (1766 turns).

Kisielow the Cudgeler (Gargoyle Fighter)            Turns: 1766, Time: 00:03:02

Health: 0/28       AC: 11    Str: 26    XL:     4   Next: 26%
Magic:  4/4        EV:  9    Int:  8    God:
Gold:   157        SH:  9    Dex:  9    Spells: 3/3 levels left

rFire    . . .     SeeInvis .   a - +0 flail
rCold    . . .     Gourm    .   c - +0 shield
rNeg     + . .     Faith    .   b - +0 scale mail
rPois    ∞         Spirit   .   e - +0 helmet
rElec    +         Reflect  .   (no cloak)
rCorr    .         Harm     .   (no gloves)
MR       .....                  (no boots)
Stlth    ..........             (no amulet)
HPRegen  0.09/turn              (no ring)
MPRegen  0.09/turn              s - +2 ring of evasion

@: mighty
A: negative energy resistance 1, electricity resistance, unbreathing,
petrification resistance, rot immunity, AC +3
a: no special abilities


You were on level 3 of the Dungeon.
You were hungry.

You visited 1 branch of the dungeon, and saw 3 of its levels.

You collected 157 gold pieces.

Inventory:

Hand Weapons
 a - a +0 flail (weapon)
Armour
 b - a +0 scale mail (worn)
 c - a +0 shield (worn)
 e - a +0 helmet (worn)
Jewellery
 s - a +2 ring of evasion (right hand)
Scrolls
 t - a scroll of remove curse
Potions
 j - a potion of brilliance {unknown}
 n - a potion of heal wounds {unknown}
 r - a potion of lignification {unknown}
 u - a potion of haste {unknown}
 v - 3 potions of curing {unknown}
Comestibles
 f - 4 rations


   Skills:
 + Level 3.4 Fighting
 * Level 4.2 Maces & Flails
 + Level 3.3 Armour
 + Level 3.3 Shields


You had 3 spell levels left.
You didn't know any spells.
Your spell library was empty.

Dungeon Overview and Level Annotations

Branches:
Dungeon (3/15)

Altars:
Gozag


Innate Abilities, Weirdness & Mutations

You are resistant to torment.
Your stone body is resilient. (AC +3)
You are immune to poison.
You resist negative energy. (rN+)
You are resistant to electric shocks. (rElec)
You can survive without breathing.
You are immune to petrification.
You are immune to rotting.


Message History

You block the orc's attack.
You closely miss the orc.
An orc priest comes into view.
You closely miss the orc. You block the orc's attack.
The orc priest calls down the wrath of Beogh upon you.
Beogh smites you!
* * * LOW HITPOINT WARNING * * *
The orc barely misses you.
You are too injured to fight recklessly!
You are too injured to fight recklessly!
You feel very mighty all of a sudden.
You sock the orc!
You kill the orc!
You block the orc's attack.
You bludgeon the orc!!
You kill the orc!
You thump the orc priest!
The orc priest is severely wounded.
The orc priest hits you with a +0 mace.
You die...

#. #o #.##
#... #
#oo#.#
#..#.#
#....#
#####o###
#..@o.#
#.#####
#...#
##########
#.###
#........#
#)#
#........#
#.#####
#........#
#.....#
#........#
#####.#
#........#
#.#
#........#


You could see 2 orc priests.

Vanquished Creatures
  3 adders (D:2)
  A worm (D:2)
  A leopard gecko (D:2)
  2 orcs (D:3)
  9 bats
  A giant cockroach (D:2)
  5 goblins
  4 hobgoblins
  2 jackals (D:2)
  4 frilled lizards
  6 kobolds
  2 rats
40 creatures vanquished.

Notes
Turn   | Place    | Note
-------+----------+-------------------------------------------
     0 | D:1      | Kisielow the Gargoyle Fighter began the quest for the Orb.
     0 | D:1      | Reached XP level 1. HP: 14/14 MP: 1/1
   405 | D:1      | Reached XP level 2. HP: 19/19 MP: 2/2
   560 | D:1      | Reached skill level 3 in Maces & Flails
   797 | D:2      | Reached XP level 3. HP: 20/23 MP: 3/3
  1346 | D:2      | Reached skill level 4 in Maces & Flails
  1413 | D:2      | Reached XP level 4. HP: 26/28 MP: 4/4
  1712 | D:3      | Found an opulent altar of Gozag.
  1766 | D:3      | Slain by an orc priest

Skill      XL: |  1  2  3 |
---------------+----------+-----
Maces & Flails | 3 4 |  4.2
Fighting       | |  3.4
Armour         | |  3.3
Shields        | |  3.3

Action                   |  1- 3 |  4- 6 || total
-------------------------+-------+-------++-------
Melee: Flail             |   119 |    17 ||   136
  Use: Scroll            |     8 |       ||     8
       Potion            |       |     1 ||     1
  Eat: Chunk             |     1 |     1 ||     2
Armor: Scale mail        |    96 |     5 ||   101
Dodge: Dodged            |    50 |     4 ||    54
Block: Shield            |    71 |    12 ||    83
